 Dungeon Crawl Stone Soup version 0.31-a0-229-g1fc7ce93e2 (webtiles) character file.

Game seed: 14241636073915115356

549 qw the Shooter (level 7, -1/60 HPs)
             Began as a Minotaur Hexslinger on July 6, 2023.
             Slain by a black bear (8 damage)
             ... on level 5 of the Dungeon.
             The game lasted 00:01:27 (3822 turns).

qw the Shooter (Minotaur Hexslinger)                Turns: 3822, Time: 00:01:27

Health: -1/60      AC:  6    Str: 11 (13) XL:     7   Next: 7%
Magic:  7/7        EV: 10    Int:  8 (10) God:
Gold:   93         SH:  0    Dex: 11 (14) Spells: 7/8 levels left

rFire   . . .        Y - +1 sling
rCold   + . .        (no shield)
rNeg    . . .        d - +0 ring mail
rPois   .            (helmet restricted)
rElec   .            a - +0 cloak
rCorr   .            (no gloves)
SInv    .            (no boots)
Will    .....        (no amulet)
Stlth   +            e - ring of protection from cold
HPRegen 0.30/turn    (no ring)
MPRegen 0.10/turn

%: no passive effects
@: about to teleport
A: horns 2, retaliatory headbutt
a: no special abilities


You were on level 5 of the Dungeon.
You visited 1 branch of the dungeon, and saw 5 of its levels.

You collected 184 gold pieces.
You spent 91 gold pieces at shops.


Innate Abilities, Weirdness & Mutations

You have a pair of horns on your head.
You reflexively headbutt those who attack you in melee.


   Skills:
 - Level 4.6 Fighting
 + Level 7.1 Ranged Weapons
 - Level 2.0 Armour
 - Level 2.1 Dodging
 - Level 1.0 Spellcasting
 - Level 2.0 Hexes


You had 7 spell levels left.
You knew the following spells:

 Your Spells              Type           Power      Damage    Failure   Level
a - Slow                  Hex            12%        N/A       38%         1

Your spell library contained the following spells:

 Spells                   Type           Power      Damage    Failure   Level
 Inner Flame              Hex/Fire       2%         N/A       88%         3
 Portal Projectile        Hex/Tloc       4%         N/A       88%         3
 Cause Fear               Hex            1%         N/A       99%         4

Inventory:

Hand Weapons
 Y - a +1 sling (weapon)
Armour
 a - a +0 cloak (worn)
 d - a +0 ring mail (worn)
Jewellery
 e - a ring of protection from cold (left hand)
 f - a ring of see invisible
 j - a ring of ice
 k - a ring of see invisible
Scrolls
 b - a scroll of enchant weapon {unknown}
 c - 4 scrolls of teleportation
 g - a scroll of identify
Potions
 h - a potion of curing
 i - a potion of ambrosia {unknown}

Dungeon Overview and Level Annotations

Branches:
Dungeon (5/15)
 Temple: D:4-7

Altars:
Ru

Shops:
D:1 :   D:2 [   D:3 ?

Annotations:
D:2 1 runed translucent door, Crazy Yiuf


Message History

The sling bullet hits the black bear but does no damage.
The black bear is heavily wounded.
The black bear bites you.
The black bear claws you but does no damage.
The black bear completely misses you.
You shoot a sling bullet. The sling bullet hits the black bear!
The black bear is severely wounded.
The black bear bites you.
The black bear claws you but does no damage. x2
You shoot a sling bullet. The sling bullet hits the black bear.
The black bear is severely wounded.
The black bear bites you but does no damage.
The black bear barely misses you.
The black bear claws you but does no damage.
The black bear goes berserk!
You shoot a sling bullet.
The sling bullet closely misses the black bear.
The black bear bites you.
The black bear claws you but does no damage.
The black bear barely misses you.
You shoot a sling bullet. The sling bullet hits the black bear.
The black bear is almost dead.
The black bear bites you! The black bear claws you. x2
The black bear bites you. The black bear barely misses you.
The black bear completely misses you.
You shoot a sling bullet.
The sling bullet barely misses the black bear.
The black bear bites you. The black bear claws you. x2
The black bear bites you!
The black bear claws you but does no damage.
The black bear claws you.
3821 ||| READING 5 scrolls of teleportation.
As you read the scroll of teleportation, it crumbles to dust.
You feel strangely unstable. The black bear barely misses you. x2
The black bear claws you but does no damage.
You shoot a sling bullet.
The sling bullet barely misses the black bear.
The black bear bites you!
You die...

### #.# ######### ....###.#
#........ #..#.#.###.####### #.#
#..............# # #.#
###.###..###.###.### #### #.#
...# #..# #........ ...# #.#
#.###..# #.#.#.### ##.# #.#
#h...### #.#.#.# # ##.# #.#
#@##.# #.#.#.###
##.###.###.......##+## #.#.#...#
##.#.....#########...## #.#.###.#
##.#.#.#.##### ##.....###.#.###.#
##.#.#...)...###.......##........
...#.###.......)........###......
........................'.......#
########...#.##.........####....#
# #..##.###.......## ##.#.#


You could see a black bear (berserk).

Vanquished Creatures
  Sigmund (D:3)
  A phantom (D:4)
  A hound (D:4)
  A jelly (D:4)
  3 iguanas (D:4)
  Ijyb (D:3)
  Natasha (twice) (D:4)
  An orc wizard (D:3)
  2 adders
  An ufetubus (D:4)
  3 dart slugs
  An orc (D:4)
  7 ball pythons
  5 endoplasms
  4 giant cockroaches
  9 goblins
  7 hobgoblins
  5 kobolds
  3 quokkas
  7 bats
  A frilled lizard (D:1)
  6 rats
72 creatures vanquished.

Notes
Turn   | Place    | Note
-------+----------+-------------------------------------------
     0 | D:1      | qw the Minotaur Hexslinger began the quest for the Orb.
     0 | D:1      | Reached XP level 1. HP: 16/16 MP: 1/1
     0 | D:1      | 0 ||| qw: Version: 0.3-a-46-gb1f654a
     0 | D:1      | 0 ||| qw: Game counter: 1147
     0 | D:1      | 0 ||| qw: Melee chars always use a shield: true
     0 | D:1      | 0 ||| qw: God list: Okawaru
     0 | D:1      | 0 ||| qw: Allow faded altars: false
     0 | D:1      | 0 ||| qw: Do Orc after clearing Dungeon:15 true
     0 | D:1      | 0 ||| qw: Do second Lair branch before Depths: true
     0 | D:1      | 0 ||| qw: Lair rune preference: random
     0 | D:1      | 0 ||| qw: Goals: Normal
     0 | D:1      | 0 ||| PLANNING D:1-11
    26 | D:1      | 26 ||| FLEEEEING.
    54 | D:1      | Found Hehoriul's Vocational Training.
    91 | D:1      | Reached skill level 3 in Ranged Weapons
   104 | D:1      | Reached XP level 2. HP: 23/23 MP: 2/2
   471 | D:1      | 471 ||| UPGRADING to +0 ring mail.
   481 | D:1      | 481 ||| DROPPING +0 robe.
   482 | D:1      | 482 ||| UPGRADING to ring of protection from cold.
   483 | D:1      | 483 ||| DROPPING +6 ring of intelligence.
   484 | D:1      | 484 ||| READING scroll labelled KOHAIF TEOG.
   485 | D:1      | 485 ||| READING scroll labelled PAMAHY VUREA.
   486 | D:1      | 486 ||| READING scroll labelled DUIS GEUHOIWAS.
   487 | D:1      | 487 ||| READING scroll labelled JYIGHU JIAMOTRO.
   492 | D:1      | 492 ||| DROPPING scroll of poison.
   553 | D:2      | Reached XP level 3. HP: 29/29 MP: 3/3
   593 | D:2      | Found Ahod Leu's Antique Armour Shoppe.
   598 | D:2      | 598 ||| SHOPLISTING pair of boots (85 gold, have 82).
   598 | D:2      | 598 ||| SHOPLISTING shiny ring mail (133 gold, have 82).
   617 | D:2      | 617 ||| FLEEEEING.
   618 | D:2      | 618 ||| FLEEEEING.
   619 | D:2      | 619 ||| FLEEEEING.
   620 | D:2      | 620 ||| FLEEEEING.
   621 | D:2      | 621 ||| FLEEEEING.
   622 | D:2      | 622 ||| FLEEEEING.
  1085 | D:2      | Found a runed translucent door.
  1086 | D:2      | Noticed Crazy Yiuf
  1125 | D:2      | 1125 ||| UPGRADING to +0 cloak.
  1240 | D:3      | Found a sacrificial altar of Ru.
  1243 | D:3      | Reached skill level 4 in Ranged Weapons
  1258 | D:3      | Reached XP level 4. HP: 32/36 MP: 4/4
  1258 | D:3      | 1258 ||| FLEEEEING.
  1543 | D:3      | You fall into a shaft and drop 1 floor!
  1648 | D:4      | Noticed a phantom
  1656 | D:4      | Killed a phantom
  1657 | D:4      | Reached skill level 5 in Ranged Weapons
  1657 | D:4      | Reached XP level 5. HP: 37/41 MP: 5/5
  1673 | D:4      | 1673 ||| READING scroll labelled MOTIDI NEHOER.
  1774 | D:4      | 1774 ||| READING scroll labelled YQAOTO DUYNACS.
  1775 | D:4      | 1775 ||| DRINKING 2 blue potions.
  1778 | D:4      | 1778 ||| STAIRDANCE
  1882 | D:3      | Noticed Sigmund
  1895 | D:3      | HP: 10/41 [something (8)]
  1900 | D:3      | Killed Sigmund
  1901 | D:3      | Reached XP level 6. HP: 13/53 MP: 6/6
  2337 | D:3      | Noticed Ijyb
  2355 | D:3      | Killed Ijyb
  2525 | D:3      | Found The Oracle's Delphic Readings.
  2529 | D:3      | 2529 ||| BUYING scroll of identify (26 gold).
  2529 | D:3      | Bought a scroll of identify for 26 gold pieces
  2529 | D:3      | 2529 ||| BUYING scroll of identify (26 gold).
  2529 | D:3      | Bought a scroll of identify for 26 gold pieces
  2529 | D:3      | 2529 ||| BUYING scroll of teleportation (39 gold).
  2529 | D:3      | Bought a scroll of teleportation for 39 gold pieces
  2833 | D:3      | 2833 ||| READING 2 scrolls of identify.
  2833 | D:3      | 2833 ||| IDENTIFYING coppery potion
  2834 | D:3      | 2834 ||| DROPPING potion of magic.
  2835 | D:3      | 2835 ||| DROPPING potion of berserk rage.
  2916 | D:4      | Reached skill level 6 in Ranged Weapons
  3086 | D:4      | Noticed Natasha
  3094 | D:4      | Killed Natasha
  3433 | D:4      | Reached XP level 7. HP: 60/60 MP: 7/7
  3471 | D:4      | Noticed Natasha
  3480 | D:4      | Killed Natasha
  3481 | D:4      | Reached skill level 7 in Ranged Weapons
  3641 | D:4      | 3641 ||| READING scroll labelled MUIPOCRITSE.
  3642 | D:4      | 3642 ||| DRINKING 2 murky white potions.
  3643 | D:4      | 3643 ||| READING 2 scrolls of identify.
  3643 | D:4      | 3643 ||| IDENTIFYING dark potion
  3644 | D:4      | 3644 ||| DROPPING potion of degeneration.
  3658 | D:5      | Entered Level 5 of the Dungeon
  3820 | D:5      | HP: 9/60 [black bear (7)]
  3821 | D:5      | 3821 ||| READING 5 scrolls of teleportation.
  3822 | D:5      | Slain by a black bear

Levels and vault maps discovered:
D:1:      minmay_arrival_wavy_path, layout_rooms, nicolae_shop_vocational
D:2:      layout_loops_ring, serial_shops, nicolae_shop_hallway_plus,
          uniq_crazy_yiuf_cottage
D:3:      layout_basic, nicolae_ru_great_annihilating_truth,
          nicolae_nh_oracle_at_delphi, uniq_sigmund, uniq_ijyb
D:4:      layout_basic, uniq_natasha
D:5:      layout_loops_corners, lemuel_crystal_altar,
          minmay_temple_entry_gardened_gates, lightli_minifort, uniq_eustachio

Skill      XL: |  1  2  3  4  5  6  7 |
---------------+----------------------+-----
Ranged Weapons | 3 4 5 6 7 |  7.1
Fighting       | 2 4 |  4.6
Armour         | 2 |  2.0
Dodging        | |  2.1
Spellcasting   | |  1.0
Hexes          | |  2.0

Action                     |  1- 3 |  4- 6 |  7- 9 || total
---------------------------+-------+-------+-------++-------
   Fire: Sling             |   111 |   183 |    26 ||   320
    Use: Scroll            |     4 |     3 |     3 ||    10
         Potion            |       |     1 |     1 ||     2
 Armour: Robe              |     1 |       |       ||     1
         Ring mail         |     9 |    42 |    14 ||    65
  Dodge: Dodged            |    15 |    57 |    16 ||    88

Table legend:
 A = Non-vault XP
 B = Vault XP
 C = Vault XP percentage of total XP
 D = Non-vault monster count
 E = Vault monster count
 F = Vault count percentage of total count
                 A         B        C        D         E       F
            +---------+---------+-------+---------+---------+-------
      Total |     457 |     328 |  41.8 |      63 |       9 |  12.5
            +---------+---------+-------+---------+---------+-------
        D:1 |      37 |       0 |   0.0 |      21 |       0 |   0.0
        D:2 |      22 |       0 |   0.0 |      12 |       0 |   0.0
        D:3 |      23 |     293 |  92.7 |       9 |       8 |  47.1
        D:4 |     375 |      35 |   8.5 |      21 |       1 |   4.5
            +---------+---------+-------+---------+---------+-------
